 Dungeon Crawl Stone Soup version 0.28-a0-1152-g9c71ebef14 (webtiles) character file.

Game seed: 14047435137940394908

55 spaghetti the Covert (level 3, 0/26 HPs)
             Began as an Octopode Delver on Dec 14, 2021.
             Slain by a hobgoblin zombie (1 damage)
             ... on level 9 of the Dungeon.
             The game lasted 00:01:23 (422 turns).

spaghetti the Covert (Octopode Delver)               Turns: 422, Time: 00:01:23

Health: 0/26       AC:  1    Str: 11    XL:     3   Next: 93%
Magic:  3/3        EV: 13    Int: 14    God:
Gold:   49         SH:  0    Dex: 13    Spells: 2/2 levels left

rFire   . . .      SeeInvis .   a - +0 spear {polearm}
rCold   . . .      Faith    .   (no shield)
rNeg    . . .      Spirit   .   (helmet restricted)
rPois   .          Reflect  .   (no amulet)
rElec   .          Harm     .   (no ring)
rCorr   .          Rampage  .   (no ring)
Will    .....                   (no ring)
Stlth   +++++.....              (no ring)
HPRegen 0.08/turn               (no ring)
MPRegen 0.08/turn               (no ring)
                                (no ring)
                                (no ring)

@: hasted, very quick
A: almost no armour, amphibious, 8 rings, camouflage 1, gelatinous body 1,
(nimble swimmer 1), tentacles
a: no special abilities


You were on level 9 of the Dungeon.
You visited 1 branch of the dungeon, and saw 4 of its levels.

You collected 49 gold pieces.


Innate Abilities, Weirdness & Mutations

You cannot wear most types of armour.
You are amphibious.
You can wear up to eight rings at the same time.
Your skin changes colour to match your surroundings (Stealth+).
Your rubbery body absorbs attacks. (AC +1, EV +1)
((You are camouflaged near water. (Stealth+)))
You have tentacles for arms and can constrict up to eight enemies at once.


   Skills:
 - Level 3.0 Fighting
 - Level 2.0 Polearms
 - Level 2.0 Dodging
 + Level 8.5 Stealth


You had 2 spell levels left.
You didn't know any spells.
Your spell library contained the following spells:

 Spells                   Type           Power      Damage    Failure   Level
 Foxfire                  Conj/Fire      0%         2x1d4     28%         1
 Conjure Flame            Conj/Fire      0%         6-21      65%         3
 Inner Flame              Hex/Fire       0%         N/A       65%         3
 Flame Wave               Conj/Fire      0%         2d4       96%         4

Inventory:

Hand Weapons
 a - a +0 spear (weapon) {polearm}
Missiles
 c - 22 stones (quivered) {throwing}
Armour
 g - a +0 kite shield
   (You found it on level 6 of the Dungeon)
Wands
 f - a wand of digging (3)
Scrolls
 b - a scroll of fog
 d - a scroll of fear

Dungeon Overview and Level Annotations

Branches:
Dungeon (7/15)
 Temple: D:4-7

Altars:

########.........#........
#......'.........#........
#......#.........########.
#......#............. #.
#......#............. ##
#.....$#..............
########.######.......
.......Z#)...#.......
.......Z@....#....##
........#....# ...#
........###### #######..
#.. #.. #... #.


You could see a hobgoblin zombie and a centaur zombie.


Message History

You hit the white imp. Your grab misses the white imp.
The white imp gestures at you. The puff of frost misses you.
You barely miss the white imp. You grab the white imp.
You constrict the white imp.
The white imp barely misses you. 😎 HP[+1]
Your hp is fully restored (26).
Unknown command.
Unknown command.
You hit the white imp but do no damage.
You constrict the white imp, but do no damage.
The white imp hits you but does no damage.
You hit the white imp.
You constrict the white imp, but do no damage.
The white imp barely misses you.
Unknown command.
You hit the white imp but do no damage.
You constrict the white imp, but do no damage.
The white imp closely misses you.
You hit the white imp but do no damage.
You constrict the white imp, but do no damage.
The white imp barely misses you.
You hit the white imp. You constrict the white imp.
You kill the white imp!
Unknown command.
c - a sedimented brown potion It was a potion of curing.
You feel better.
Unknown command.
Unknown command.
You start waiting.
Done waiting.
Unknown command.
Unknown command.
c - 22 stones {throwing} A sourceless malevolence fills the Dungeon...
You fall into a shaft and drop 2 floors!
The shaft crumbles and collapses.
Unknown command.
Unknown command.
A wyvern comes into view.
You see here a book of Flames.
You pick up a book of Flames and begin reading...
You add the spells Foxfire, Conjure Flame, Inner Flame and Flame Wave to your library.
You open the door. 2 zombies and a skeleton come into view.
There is an open door here.
You close the door.
You open the door.
There is an open door here.
A centaur zombie comes into view.
You open the door.
A centaur comes into view.
There is an open door here.
The helpless centaur fails to defend itself.
You puncture the centaur! You squeeze the centaur! The centaur hits you.
The centaur kicks you. The hobgoblin zombie hits you.
The centaur barely misses you. The centaur kicks you. 😮 HP[-10]
You take 10 damage, and now have 16/26 hp.
MASSIVE DAMAGE!! (PAUSE) Unknown command.
You feel yourself speed up. The centaur closely misses you. x2
The hobgoblin zombie hits you. 😮 HP[-1]
You take 1 damage, and now have 15/26 hp.
Unknown command.
Unknown command.
Unknown command.
Okay, then.
You barely miss the centaur. Your squeeze misses the centaur.
The centaur hits you but does no damage.
The centaur closely misses you.
You hit the centaur but do no damage. You squeeze the centaur!
The centaur barely misses you. x2
The hobgoblin zombie closely misses you.
Unknown command.
You hit the centaur but do no damage. The centaur hits you.
* * * LOW HITPOINT WARNING * * *
The centaur kicks you but does no damage. 😨 HP[-3]
You take 3 damage, and now have 12/26 hp.
Unknown command.
You hit the centaur but do no damage. The centaur hits you.
* * * LOW HITPOINT WARNING * * *
The centaur kicks you.
* * * LOW HITPOINT WARNING * * *
😱 HP[-6]
You take 6 damage, and now have 6/26 hp.
MASSIVE DAMAGE!! (PAUSE) Unknown command.
Unknown command.
Unknown command.
You barely miss the centaur. You squeeze the centaur.
You kill the centaur!
The centaur zombie hits you.
* * * LOW HITPOINT WARNING * * *
The centaur zombie kicks you.
* * * LOW HITPOINT WARNING * * *
The hobgoblin zombie hits you.
You die...

Skill      XL: |  1  2 |
---------------+-------+-----
Stealth        | 7 8 |  8.5
Fighting       | |  3.0
Polearms       | |  2.0
Dodging        | |  2.0

Action                   || total
-------------------------++-------
Melee: Spear             ||    30
       Tentacles         ||     7
       Constrict         ||     5
  Use: Potion            ||     2
       Scroll            ||     1
 Stab: Distracted        ||     1
       Sleeping          ||     3
Armor: Skin              ||     4
Dodge: Dodged            ||    22

Levels and vault maps discovered:
D:5:      layout_basic, minmay_temple_entry_grid, minmay_statues_item
D:6:      layout_basic, minmay_manual_mess
D:7:      layout_rooms, amcnicky_altar_gilded, kennysheep_mini
D:9:      layout_irregular_city, zombieorc2_lemuel, st_stairs_4

Notes
Turn   | Place    | Note
-------+----------+-------------------------------------------
     0 | D:5      | spaghetti the Octopode Delver began the quest for the Orb.
     0 | D:5      | Reached XP level 1. HP: 16/16 MP: 1/1
     0 | D:5      | magus.rc [v1.9.6]
    26 | D:5      | Reached skill level 7 in Stealth
    26 | D:5      | Reached XP level 2. HP: 20/21 MP: 2/2
   158 | D:6      | Noticed a black bear
   186 | D:6      | Reached skill level 8 in Stealth
   186 | D:6      | Reached XP level 3. HP: 22/26 MP: 3/3
   378 | D:7      | You fall into a shaft and drop 2 floors!
   381 | D:9      | Noticed a wyvern
   384 | D:9      | You pick up a book of Flames and begin reading...
   384 | D:9      | You add the spells Foxfire, Conjure Flame, Inner Flame and
                  | Flame Wave to your library.
   415 | D:9      | Noticed a centaur
   421 | D:9      | HP: 6/26 [centaur (2)]
   422 | D:9      | Killed a centaur
   422 | D:9      | HP: 1/26 [centaur zombie (2)]
   422 | D:9      | Slain by a hobgoblin zombie

Vanquished Creatures
  A centaur (D:9)
  A bullfrog skeleton (D:6)
  A hound zombie (D:5)
  A white imp (D:7)
  2 orcs (D:6)
6 creatures vanquished.

Table legend:
 A = Non-vault XP
 B = Vault XP
 C = Vault XP percentage of total XP
 D = Non-vault monster count
 E = Vault monster count
 F = Vault count percentage of total count
                 A         B        C        D         E       F
            +---------+---------+-------+---------+---------+-------
      Total |     198 |       0 |   0.0 |       6 |       0 |   0.0
            +---------+---------+-------+---------+---------+-------
        D:5 |      21 |       0 |   0.0 |       1 |       0 |   0.0
        D:6 |      47 |       0 |   0.0 |       3 |       0 |   0.0
        D:7 |      11 |       0 |   0.0 |       1 |       0 |   0.0
        D:9 |     119 |       0 |   0.0 |       1 |       0 |   0.0
            +---------+---------+-------+---------+---------+-------

Illustrated notes

Table legend:
 A = Kills in this place as a percentage of kills in entire the game.
 B = Kills by you in this place as a percentage of kills by you in the entire game.
 C = Kills by friends in this place as a percentage of kills by friends in the entire game.
 D = Other kills in this place as a percentage of other kills in the entire game.
 E = Experience gained in this place as a percentage of experience gained in the entire game.
 F = Experience gained in this place divided by the number of levels of this place that you have seen.
                   A       B       C       D       E      F
               +-------+-------+-------+-------+-------+----------------------
         Total | 100.0 | 100.0 |   N/A |   N/A | 100.0 |  49.5
       Dungeon | 100.0 | 100.0 |   N/A |   N/A | 100.0 |  49.5
               +-------+-------+-------+-------+-------+----------------------

Table legend: (Time is in decaauts)
 A = Elapsed time spent in this place.
 B = Non-inter-level travel time spent in this place.
 C = Inter-level travel time spent in this place.
 D = Time resting spent in this place.
 E = Time spent auto-exploring this place.
 F = Levels seen in this place.
 G = Mean time per level.
                   A        B        C        D        E       F      G
               +--------+--------+--------+--------+--------+-----+--------+
         Total |    419 |    398 |     21 |    100 |    152 |   4 |  104.8 |
       Dungeon |    419 |    398 |     21 |    100 |    152 |   4 |  104.8 |
               +--------+--------+--------+--------+--------+-----+--------+

Top non-repeatable levels by time:
     D:7: 157 daAuts
     D:6: 141 daAuts
     D:5: 78 daAuts
     D:9: 42 daAuts
